 Dungeon Crawl Stone Soup version 0.30.1-3-gfc49f6343a (webtiles) character file.

Game seed: 17119944159921467288

2678 DandyGuy the Cleaver (level 9, -1/117 (123) HPs)
             Began as a Minotaur Berserker on July 25, 2023.
             Was a High Priest of Trog.
             Slain by a wight
             ... wielding a +3 mace
              (10 damage)
             ... on level 8 of the Dungeon.
             The game lasted 00:23:46 (7153 turns).

DandyGuy the Cleaver (Minotaur Berserker)           Turns: 7153, Time: 00:23:46

HP:   -1/117 (123)  AC:  8    Str: 26    XL:     9   Next: 37%
MP:   8/8           EV: 12    Int:  8    God:    Trog [*****.]
Gold: 492           SH:  0    Dex:  8    Spells: 8/8 levels left

rFire   x . .        B - +5 battleaxe (flame)
rCold   + + .        (shield currently unavailable)
rNeg    . . .        l - +2 ring mail {Will+}
rPois   +            (helmet restricted)
rElec   .            (no cloak)
rCorr   +            A - +0 pair of gloves
SInv    .            (no boots)
Will    ++++.        y - amulet of regeneration Stlth
                     j - ring of resist corrosion
HPRegen 2.19/turn    b - ring "Gumox" {Ice rPois Will+}
MPRegen 0.11/turn

%: no passive effects
@: berserking, strong-willed, regenerating, lightly drained, very quick
A: horns 2, retaliatory headbutt, clever 1, cold resistance 1
a: Renounce Religion, Berserk, Trog's Hand, Brothers in Arms


You were on level 8 of the Dungeon.
You worshipped Trog.
Trog was extremely pleased with you.
You visited 1 branch of the dungeon, and saw 8 of its levels.
You also visited: Sewer.

You collected 492 gold pieces.

Inventory:

Hand Weapons
 a - a +1 hand axe
 q - a +0 war axe
 B - a +5 battleaxe of flaming (weapon)
Missiles
 k - 3 javelins (quivered)
 o - 14 boomerangs
 p - 2 throwing nets
 t - 7 poisoned darts
 v - a curare-tipped dart
Armour
 g - a +0 plate armour
 l - a +2 ring mail of willpower (worn)
 A - a +0 pair of gloves (worn)
Jewellery
 b - the ring "Gumox" (right hand) {Ice rPois Will+}
   (You found it on level 3 of the Dungeon)

   [ring of ice]

   It enhances your ice magic.
   rF:        It makes you vulnerable to fire.
   rC:        It protects you from cold.
   rPois:     It protects you from poison.
   Will:      It increases your willpower.
 e - a ring of magical power
 j - a ring of resist corrosion (left hand)
 m - a ring of willpower
 y - an amulet of regeneration (around neck)
Wands
 s - a wand of flame (33)
 x - a wand of light (14)
 C - a wand of mindburst (15)
Scrolls
 c - 2 scrolls of vulnerability
 f - a scroll of enchant armour
 i - 3 scrolls of blinking
 n - 5 scrolls of teleportation
 r - 4 scrolls of identify
 w - a scroll of enchant weapon
Potions
 d - 7 potions of berserk rage
 h - 4 potions of curing
 u - a potion of ambrosia {unknown}
 z - 2 potions of haste


   Skills:
 + Level 8.5 Fighting
 * Level 11.3 Axes
 - Level 2.9 Armour
 + Level 7.4 Dodging


You had 8 spell levels left.
You didn't know any spells.
Your spell library was empty.

Dungeon Overview and Level Annotations

Branches:
Dungeon (8/15)             Temple (0/1) D:7           Sewer (visited)
   Lair: D:8-11

Altars:
Cheibriados
Okawaru
Trog
Vehumet
Wu Jian


Innate Abilities, Weirdness & Mutations

You have a pair of horns on your head.
You reflexively headbutt those who attack you in melee.
Your mind is acute. (Int +4, Str/Dex -1)
Your flesh is cold resistant. (rC+)


Message History

The gnoll sergeant is lightly wounded.
The gnoll sergeant hits you with a +2 spear of flaming.
The gnoll sergeant burns you. The gnoll barely misses you.
You hit the gnoll sergeant. You burn the gnoll sergeant.
The gnoll sergeant is moderately wounded.
You slash the wight! You burn the wight.
A gnoll comes into view. It is wielding a +0 club.
The gnoll sergeant hits you with a +2 spear of flaming.
The gnoll sergeant burns you. The wight hits you with a +3 mace!
You feel drained. The gnoll hits you but does no damage.
A wight comes into view. It is wielding a +0 falchion.
The gnoll hits you from afar with a +0 spear.
The wight hits you with a +3 mace.
The gnoll sergeant hits you with a +2 spear of flaming.
* * * LOW HITPOINT WARNING * * *
The gnoll sergeant burns you.
* * * LOW HITPOINT WARNING * * *
Okay, then.
Your skin crawls.
You feel strong-willed. The wight hits you with a +3 mace.
* * * LOW HITPOINT WARNING * * *
You feel drained.
* * * LOW HITPOINT WARNING * * *
The gnoll hits you from afar with a +0 spear.
* * * LOW HITPOINT WARNING * * *
The gnoll sergeant closely misses you.
You barely miss the gnoll sergeant.
The gnoll sergeant is moderately wounded.
You hit the wight but do no damage. The wight closely misses you.
The gnoll closely misses you.
The gnoll sergeant hits you with a +2 spear of flaming.
* * * LOW HITPOINT WARNING * * *
The gnoll sergeant burns you.
* * * LOW HITPOINT WARNING * * *
A red film seems to cover your vision as you go berserk!
You feel yourself moving faster!
You feel mighty! The gnoll hits you but does no damage.
The gnoll sergeant barely misses you. The wight hits you with a +3 mace!
You die...

.#####. #.#
#.# .#### #.#
#.# ..... ...
..## .#### #.#
#.. .#####.#
#.# #.#
.......#
##.####.######
.#######
#......z)..z.#
.#
#..####z####.#
.#########..#
#@#
............#
#g#
.#########..#
#g# .# #..#
.g. .# #..#
### .# #.## ##
###


You could see a gnoll sergeant, 2 wights and 2 gnolls.

Vanquished Creatures
  Sigmund (D:2)
  A wyvern (D:7)
  A water moccasin (D:7)
  2 ice beasts (D:8)
  3 sky beasts (D:6)
  An orc warrior (D:7)
  A black bear (D:7)
  An ogre (D:5)
  A kobold brigand (D:7)
  4 bullfrogs
  3 scorpions
  A wight (D:8)
  A howler monkey (D:8)
  4 hounds
  3 orc priests
  5 jellies
  2 sleepcaps
  2 iguanas
  An orc wizard (D:6)
  Robin (D:3)
  9 gnolls
  17 adders
  A shadow imp (D:6)
  2 white imps (D:8)
  3 worms
  3 dart slugs
  34 orcs
  17 endoplasms
  8 giant cockroaches
  17 goblins
  11 hobgoblins
  7 jackals
  6 quokkas
  11 ball pythons
  4 bats (D:1)
  10 frilled lizards
  23 kobolds
  2 rats
224 creatures vanquished.

Notes
Turn   | Place    | Note
-------+----------+-------------------------------------------
     0 | D:1      | DandyGuy the Minotaur Berserker began the quest for the
                  | Orb.
     0 | D:1      | Reached XP level 1. HP: 19/19 MP: 0/0
   256 | D:1      | Reached XP level 2. HP: 25/27 MP: 1/1
   464 | D:1      | Found a faded altar of an unknown god.
   519 | D:1      | Reached skill level 4 in Axes
   658 | D:1      | Reached ** piety under Trog
   661 | D:1      | Reached XP level 3. HP: 23/33 MP: 2/2
   980 | D:1      | Gained mutation: You have hidden genetic potential. [potion
                  | of mutation]
  1146 | D:2      | Found a bloodstained altar of Trog.
  1210 | D:2      | Noticed Sigmund
  1227 | D:2      | Killed Sigmund
  1228 | D:2      | Reached skill level 5 in Axes
  1228 | D:2      | Reached XP level 4. HP: 33/41 MP: 3/3
  1228 | D:2      | Reached XP level 5. HP: 38/47 MP: 4/4
  1229 | D:2      | Gained mutation: Your flesh is cold resistant. (rC+)
                  | [hidden potential]
  1387 | D:2      | Reached skill level 5 in Fighting
  1467 | D:2      | Reached skill level 6 in Axes
  1629 | D:2      | Reached XP level 6. HP: 54/56 MP: 5/5
  1939 | D:3      | Found a glowing drain.
  1948 | Sewer    | Entered a sewer
  2204 | Sewer    | Gained mutation: Your mind is acute. (Int +4, Str/Dex -1)
                  | [hidden potential]
  2204 | Sewer    | Lost mutation: You have hidden genetic potential. [hidden
                  | potential expressed]
  2227 | Sewer    | Reached *** piety under Trog
  2830 | D:3      | Identified the ring "Gumox" {Ice rPois Will+}
  2834 | D:3      | Reached skill level 7 in Axes
  2838 | D:3      | Found a radiant altar of Vehumet.
  2838 | D:3      | Noticed Robin
  2860 | D:3      | Killed Robin
  2861 | D:3      | Reached XP level 7. HP: 62/62 MP: 6/6
  2955 | D:3      | Found a snail-covered altar of Cheibriados.
  3247 | D:3      | Reached **** piety under Trog
  3908 | D:4      | Reached skill level 5 in Dodging
  4295 | D:5      | Entered Level 5 of the Dungeon
  4496 | D:5      | Reached skill level 8 in Axes
  4805 | D:5      | Reached XP level 8. HP: 71/71 MP: 7/7
  5457 | D:6      | Reached skill level 9 in Axes
  5939 | D:6      | Reached skill level 10 in Axes
  6214 | D:7      | Found a staircase to the Ecumenical Temple.
  6335 | D:7      | Found an iron altar of Okawaru.
  6396 | D:7      | Reached XP level 9. HP: 73/81 MP: 8/8
  6411 | D:7      | Reached ***** piety under Trog
  6526 | D:7      | Found an ornate altar of the Wu Jian Council.
  6897 | D:8      | Reached skill level 11 in Axes
  6990 | D:8      | Received a gift from Trog
  7076 | D:8      | Found a bloodstained altar of Trog.
  7153 | D:8      | Slain by a wight

Illustrated notes

Levels and vault maps discovered:
D:1:      roderic_crop_circles_arrival_small, layout_rooms,
          shapermc_ecumenical_altar_starsandcircs, grunt_decor_fettered
D:2:      cheibrodos_fertilizer, layout_basic, basic_altar, uniq_sigmund
D:3:      layout_loops_ring, mainiacjoe_overflow_cross_hatched,
          mainiacjoe_overflow_catwalk, portal_sewer_entry_d, uniq_robin
D:4:      minmay_evil_eye, layout_loops_ring, kennysheep_opposing_triangles
D:5:      layout_gridville
D:6:      layout_loops_ring
D:7:      layout_rooms, nicolae_wu_jian_wuxing_cycle, kennysheep_little_box,
          minmay_temple_entry_hall
D:8:      wander_kiku_kobolds, layout_basic, nicolae_overflow_hidden_temple

Skill      XL: |  1  2  3  4  5  6  7  8  9 |
---------------+----------------------------+-----
Fighting       | 4 5 6 7 8 |  8.5
Axes           | 4 5 6 7 8 10 11 | 11.3
Dodging        | 3 4 5 6 7 |  7.4
Armour         | |  2.9

Action                     |  1- 3 |  4- 6 |  7- 9 || total
---------------------------+-------+-------+-------++-------
  Melee: Hand axe          |   125 |   147 |    57 ||   329
         Headbutt          |    30 |    22 |    33 ||    85
         Punch             |     3 |       |     3 ||     6
         War axe           |       |       |   218 ||   218
         Battleaxe         |       |       |    12 ||    12
 Invoke: Trog's Hand       |     1 |       |     2 ||     3
         Berserk           |       |       |     2 ||     2
    Use: Scroll            |     5 |       |     5 ||    10
         Potion            |     5 |       |     4 ||     9
 Armour: Animal skin       |    12 |    28 |       ||    40
         Ring mail         |       |     8 |    93 ||   101
  Dodge: Dodged            |    38 |    93 |   172 ||   303
